 Dungeon Sprint DCSS version 0.28-a0-1518-gbe868bca14 (webtiles) character file.

Game seed: 15171832033258076405

256 mhtbhm the Fighter (level 5, 0/79 HPs)
             Began as a Draconian Berserker on Jan 16, 2022.
             Was a Priest of Trog.
             Slain by a human (1 damage)
             ... in the Dungeon (Sprint III: "The Ten Rune Challenge").
             The game lasted 00:00:50 (509 turns).

mhtbhm the Fighter (Draconian Berserker)             Turns: 509, Time: 00:00:50

Health: 0/79       AC:  6    Str: 21    XL:     5   Next: 92%
Magic:  5/5        EV: 14    Int:  7    God:    Trog [***...]
Gold:   42         SH:  0    Dex: 11    Spells: 4/4 levels left

rFire   . . .      SeeInvis .   a - +0 hand axe
rCold   . . .      Faith    .   (no shield)
rNeg    . . .      Spirit   .   (armour unavailable)
rPois   .          Reflect  .   (helmet restricted)
rElec   .          Harm     .   i - +0 cloak
rCorr   .          Rampage  .   (no gloves)
Will    .....      NoTele   +   (no boots)
Stlth   ..........              (no amulet)
HPRegen 0.23/turn               (no ring)
MPRegen 0.09/turn               (no ring)

@: berserking, very quick
A: AC +5, unfitting armour, cold-blooded
a: Renounce Religion, Berserk, Trog's Hand


You were in the Dungeon.
You worshipped Trog.
Trog was most pleased with you.
You visited 1 branch You collected 42 gold pieces.

Inventory:

Hand Weapons
 a - a +0 hand axe (weapon)
Armour
 i - a +0 cloak (worn)
Scrolls
 g - a scroll of blinking
 k - 2 scrolls of torment {unknown}
 l - a scroll of identify {unknown}
 n - a scroll of brand weapon {unknown}
Potions
 b - 2 potions of curing
 c - a potion of heal wounds
 d - a potion of haste
 e - 2 potions of magic
 f - a potion of berserk rage
 h - a potion of lignification {unknown}
 j - 3 potions of mutation {unknown}
 m - a potion of brilliance {unknown}
 o - 2 potions of flight


   Skills:
 + Level 8.1 Fighting
 + Level 8.1 Axes
 + Level 6.8 Dodging
 + Level 1.2 Stealth


You had 4 spell levels left.
You didn't know any spells.
Your spell library was empty.

Dungeon Overview and Level Annotations

Branches:
Dungeon (1/1)

Altars:
Okawaru
Trog
Uskayaw
Wu Jian
Beogh


Innate Abilities, Weirdness & Mutations

Your plain brown scales are hard. (AC +5)
You cannot fit into any form of body armour.
You are cold-blooded and may be slowed by cold attacks.


Message History

You closely miss the human. The human hits you with a +0 mace!!
You are too injured to fight recklessly!
You are too injured to fight recklessly!
You are too injured to fight recklessly!
You are too injured to fight recklessly!
You are too injured to fight recklessly!
You are too injured to fight recklessly!
You are too injured to fight recklessly!
You are too injured to fight recklessly!
You are too injured to fight recklessly!
You are too injured to fight recklessly!
You are too injured to fight recklessly!
You slash the human! You tail-slap the human!
The human is almost dead.
You barely miss the human. The human barely misses you.
The human hits you with a +0 mace!
* * * LOW HITPOINT WARNING * * *
You barely miss the human.
Your tail-slap misses the human.
The human is almost dead.
You hit the human but do no damage. The human hits you with a +0 mace!!
* * * LOW HITPOINT WARNING * * *
The human misses you.
You slash the human!
You kill the human!
Trog accepts your kill.
You slash the human!
Your Fighting skill gained 2 levels and is now at level 8!
Your Axes skill gained 2 levels and is now at level 8!
Your Dodging skill increases to level 6!
Your Stealth skill increases to level 1!
You have reached level 5!
Unknown command.
Press: ? - help, v - describe, . - travel
Here: a human (severely wounded, strong)
A roughly hewn altar of Beogh, spattered with blood.
Unknown command.
You barely miss the human.
The human is severely wounded.
The human hits you.
You die...

▓▓▓▓▓▓ ▓▓▓ ...♣.♣ ♣.#
##### ....♣♣♣ ♣♣.#
#___# ......♣ ♣..#
#_p.#
....≈.♣♣♣..###+#@###+##
...≈≈..♣♣♣.#..........#
).≈≈≈≈.♣.♣.'.⌠........#
..≈≈≈≈≈≈♣..#...######+#
.≈≈≈≈≈≈....#.⌠.#
.≈≈≈≈≈.....#...#
.≈≈≈.......#+###
...........#
...........#


You could see a human (strong).

Vanquished Creatures
  A water elemental (D)
  Crazy Yiuf (D)
  Jessica (D)
  2 humans (D)
  An endoplasm (D)
  2 rats (D)
8 creatures vanquished.

Notes
Turn   | Place    | Note
-------+----------+-------------------------------------------
     0 | D        | mhtbhm the Draconian Berserker began the quest for the Orb.
     0 | D        | Reached XP level 1. HP: 19/19 MP: 1/1
    91 | D        | Noticed Jessica
    95 | D        | Reached ** piety under Trog
    96 | D        | Killed Jessica
    97 | D        | Reached skill level 5 in Fighting
    97 | D        | Reached XP level 2. HP: 18/29 MP: 2/2
    97 | D        | Reached XP level 3. HP: 22/36 MP: 3/3
   223 | D        | Reached skill level 5 in Axes
   352 | D        | Noticed Crazy Yiuf
   358 | D        | Killed Crazy Yiuf
   359 | D        | Reached XP level 4. HP: 44/44 MP: 4/4
   427 | D        | Noticed a water elemental
   433 | D        | Killed a water elemental
   433 | D        | Reached *** piety under Trog
   434 | D        | Reached skill level 5 in Dodging
   499 | D        | Found a hide-covered altar of Uskayaw.
   499 | D        | Found an iron altar of Okawaru.
   499 | D        | Found a bloodstained altar of Trog.
   499 | D        | Found an ornate altar of the Wu Jian Council.
   499 | D        | Noticed a human
   500 | D        | Noticed a human
   507 | D        | HP: 1/67 [human (18)]
   508 | D        | Killed a human
   509 | D        | Reached skill level 1 in Stealth
   509 | D        | Reached XP level 5. HP: 1/53 MP: 5/5
   509 | D        | Slain by a human

Illustrated notes

Levels and vault maps discovered:
D:        dungeon_sprint_mu [sprint_mu_entry_forest, sprint_mu_temple_rooms,
          sprint_mu_d1_spiders, sprint_mu_d2_genie, sprint_mu_d3_branching,
          sprint_mu_orc_legion, sprint_mu_elf_gauntlet, sprint_mu_hive_nellie,
          sprint_mu_lair_fedhas, sprint_mu_vaults_butterflies,
          sprint_mu_slime_circle, sprint_mu_swamp_cave, sprint_mu_shoals_archi,
          sprint_mu_blade_basic, sprint_mu_crypt_lich, sprint_mu_tomb_spiral,
          sprint_mu_vestibule_basic, sprint_mu_gehenna_hellfire,
          sprint_mu_dis_giant, sprint_mu_tartarus_statrot,
          sprint_mu_cocytus_islands, sprint_mu_zot1]

Skill      XL: |  1  2  3  4 |
---------------+-------------+-----
Dodging        | 4 6 |  6.8
Fighting       | 5 6 8 |  8.1
Axes           | 4 5 8 |  8.1
Stealth        | 1 |  1.2

Action                   |  1- 3 |  4- 6 || total
-------------------------+-------+-------++-------
Melee: Hand axe          |    14 |    13 ||    27
       Tailslap          |     1 |     2 ||     3
Invok: Berserk           |     2 |     2 ||     4
Armor: Skin              |     1 |     2 ||     3
Dodge: Dodged            |     5 |     3 ||     8

Table legend: (Time is in decaauts)
 A = Elapsed time spent in this place.
 B = Non-inter-level travel time spent in this place.
 C = Inter-level travel time spent in this place.
 D = Time resting spent in this place.
 E = Time spent auto-exploring this place.
 F = Levels seen in this place.
 G = Mean time per level.
                   A        B        C        D        E       F      G
               +--------+--------+--------+--------+--------+-----+--------+
         Total |    539 |    539 |      0 |    407 |      5 |   1 |  539.0 |
       Dungeon |    539 |    539 |      0 |    407 |      5 |   1 |  539.0 |
               +--------+--------+--------+--------+--------+-----+--------+

Top non-repeatable levels by time:
       D: 539 daAuts
